AoeStats
← chowdhuryphotos

Glade

510451678Analyzed
1v1 RM · 2d ago on Oct 1, 2026· 43m 20s· 2 players
Game mode
Random Map
Map size
Tiny (2 player)
Population
200
Speed
Normal
Resources
Standard
Victory
Conquest
Starting age
Dark Age
Ending age
Imperial Age
RankedLock teamsTeams togetherTeam positionsShared explorationLock speedFull tech treeHidden civsTurbo modeCheats
Victory
Defeat
🇺🇸 Teutons · United States
1293
+22
🇲🇽 Saxons · Mexico
1433
-22
davoAri
9:09 Feudal Age
11:57 Horse Collar
12:03 Double-Bit Axe
17:39 Loom
20:24 Castle Age
22:06 Bow Saw
27:18 Imperial Age
25:26 Gold Mining
27:59 Wheelbarrow
28:26 Forging
28:16 Scale Mail Armor
28:29 Forging
28:47 Heavy Plow
31:16 Gambesons
33:47 Chain Mail Armor
34:49 Iron Casting
35:27 Plate Mail Armor
36:52 Hand Cart
39:01 Shield Wall
40:51 Redemption
41:28 Capped Ram
chowdhuryphotos
7:11 Loom
10:38 Feudal Age
10:56 Man-at-Arms
11:40 Double-Bit Axe
11:37 Horse Collar
14:01 Wheelbarrow
18:45 Castle Age
17:11 Stone Mining
17:26 Fletching
19:25 Gold Mining
19:50 Bow Saw
21:25 Hand Cart
24:25 Bodkin Arrow
27:55 Imperial Age
25:28 Heavy Plow
30:09 Chemistry
30:52 Conscription
30:59 Town Watch
33:46 Scale Mail Armor
33:57 Forging
37:06 Crenellations
39:47 Ironclad
39:53 Ballistics
39:44 Masonry
40:56 Two-Man Saw
40:46 Chain Mail Armor
41:20 Iron Casting
42:16 Elite Teutonic Knight
Connection lost

Rejoining the realm…

Still unreachable

The connection could not be restored.

Session expired

The server has moved on; the page needs a fresh start.